NYP
ABERDEEN IRONBIRDS @ SPOKANE INDIANS
10/09/2047
 
TOP OF THE 1ST
University of Oklahoma Sooners batting - Pitching for University of Southern California Trojans : RHP Ville Nyman
Pitching: RHP Ville Nyman
Batting: RHB Jesus Montoya 0-0: Ball
1-0: Ground out 4-3 (Groundball, 4S, EV 71.2 MPH)
Batting: LHB Alex Benabides 0-0: Called Strike
0-1: Foul Ball, location: 2F
0-2: Ball
1-2: Strikes out swinging
Batting: RHB Ruben Arreola 0-0: Ball
1-0: Called Strike
1-1: Ground out 5-3 (Groundball, 56, EV 104.4 MPH)
Top of the 1st over - 0 runs, 0 hits, 0 errors, 0 left on base; University of Oklahoma 0 - University of Southern California 0
BOTTOM OF THE 1ST
University of Southern California Trojans batting - Pitching for University of Oklahoma Sooners : RHP Daniel McCleese
Pitching: RHP Daniel McCleese
Batting: LHB Alonzo Catalan 0-0: Ball
1-0: Ball
2-0: Fly out, F9 (Line Drive, 89M, EV 100.0 MPH)
Batting: RHB Mike Woodard 0-0: Ball
1-0: Ball
2-0: Ball
3-0: Called Strike
3-1: Foul Ball, location: 2F
3-2: Ground out 6-3 (Groundball, 6, EV 98.1 MPH)
Batting: RHB Tri Kartini 0-0: Ground out U3 (Groundball, 3, EV 108.8 MPH)
Bottom of the 1st over - 0 runs, 0 hits, 0 errors, 0 left on base; University of Oklahoma 0 - University of Southern California 0
TOP OF THE 2ND
University of Oklahoma Sooners batting - Pitching for University of Southern California Trojans : RHP Ville Nyman
Batting: RHB Sam Mason 0-0: Ball
1-0: Ball
2-0: Swinging Strike
2-1: Ball
3-1: Base on Balls
Batting: LHB Victor Estrada 0-0: SINGLE (Line Drive, 7S, EV 100.0 MPH)
Sam Mason to second
Batting: RHB Victor Borras 0-0: Ball
1-0: Fly out, F8 (Flyball, 78D, EV 111.2 MPH)
Batting: LHB Alex Gutierrez 0-0: Ball
1-0: Foul Ball, location: 2F
1-1: Foul Ball, location: 2F
1-2: Fielders Choice at 2nd, 4-6 (Groundball, 34, EV 107.5 MPH)
Sam Mason to third
Batting: RHB David Snyder 0-0: Fly out, F1 (Popup, 13, EV 86.9 MPH)
Top of the 2nd over - 0 runs, 1 hit, 0 errors, 2 left on base; University of Oklahoma 0 - University of Southern California 0
BOTTOM OF THE 2ND
University of Southern California Trojans batting - Pitching for University of Oklahoma Sooners : RHP Daniel McCleese
Batting: RHB Omar Garce 0-0: Foul Ball, location: 2F
0-1: Ball
1-1: Ball
2-1: Ground out 1-3 (Groundball, 13, EV 66.9 MPH)
Batting: RHB Eric Baker 0-0: Ball
1-0: Ground out 5-3 (Groundball, 5, EV 105.6 MPH)
Batting: RHB Juan Barela 0-0: Swinging Strike
0-1: Ball
1-1: Fly out, F9 (Flyball, 9S, EV 90.0 MPH)
Bottom of the 2nd over - 0 runs, 0 hits, 0 errors, 0 left on base; University of Oklahoma 0 - University of Southern California 0
TOP OF THE 3RD
University of Oklahoma Sooners batting - Pitching for University of Southern California Trojans : RHP Ville Nyman
Batting: LHB Toby Clark 0-0: Ball
1-0: Ball
2-0: Fly out, F8 (Line Drive, 8RD, EV 90.6 MPH)
Batting: RHB Jesus Montoya 0-0: Ball
1-0: Ball
2-0: Ball
3-0: Called Strike
3-1: Foul Ball, location: 2F
3-2: Strikes out swinging, 2-3 out at first.
Batting: LHB Alex Benabides 0-0: Ball
1-0: Ball
2-0: Ball
3-0: Foul Ball, location: 2F
3-1: Base on Balls
Batting: RHB Ruben Arreola 0-0: Ball
1-0: Fielders Choice at 2nd, 6-4 (Groundball, 56D, EV 103.1 MPH)
Top of the 3rd over - 0 runs, 0 hits, 0 errors, 1 left on base; University of Oklahoma 0 - University of Southern California 0
BOTTOM OF THE 3RD
University of Southern California Trojans batting - Pitching for University of Oklahoma Sooners : RHP Daniel McCleese
Batting: LHB Victor Reyna 0-0: Fly out, F4 (Popup, 23, EV 86.9 MPH)
Batting: RHB Ryan Thurston 0-0: Ball
1-0: Foul Ball, location: 2F
1-1: Foul Ball, location: 2F
1-2: Ball
2-2: Ball
3-2: SINGLE (Groundball, 56D, EV 108.8 MPH)
Batting: LHB Eli Evenson 0-0: Foul Ball, location: 2F
0-1: Fly out, F2 (Popup, 15S, EV 86.2 MPH)
Batting: LHB Alonzo Catalan 0-0: Called Strike
0-1: Foul Ball, location: 2F
0-2: Strikes out swinging
Bottom of the 3rd over - 0 runs, 1 hit, 0 errors, 1 left on base; University of Oklahoma 0 - University of Southern California 0
TOP OF THE 4TH
University of Oklahoma Sooners batting - Pitching for University of Southern California Trojans : RHP Ville Nyman
Batting: RHB Sam Mason 0-0: Swinging Strike
0-1: Swinging Strike
0-2: Ball
1-2: Fly out, F8 (Flyball, 89XD, EV 93.8 MPH)
Batting: LHB Victor Estrada 0-0: Ball
1-0: Called Strike
1-1: Ball
2-1: Ball
3-1: Fly out, F7 (Line Drive, 7, EV 98.1 MPH)
Batting: RHB Victor Borras 0-0: Foul Ball, location: 2F
0-1: Called Strike
0-2: Ground out 5-3 (Groundball, 56S, EV 86.2 MPH)
Top of the 4th over - 0 runs, 0 hits, 0 errors, 0 left on base; University of Oklahoma 0 - University of Southern California 0
BOTTOM OF THE 4TH
University of Southern California Trojans batting - Pitching for University of Oklahoma Sooners : RHP Daniel McCleese
Batting: RHB Mike Woodard 0-0: Ball
1-0: Ball
2-0: Swinging Strike
2-1: Foul Ball, location: 2F
2-2: Strikes out swinging
Batting: RHB Tri Kartini 0-0: Ball
1-0: SOLO HOME RUN (Flyball, 78XD, EV 115.0 MPH), Distance : 441 ft
Batting: RHB Omar Garce 0-0: Ball
1-0: Ground out 6-3 (Groundball, 6, EV 88.8 MPH)
Batting: RHB Eric Baker 0-0: Swinging Strike
0-1: Ball
1-1: Fly out, F6 (Popup, 56D, EV 49.4 MPH)
Bottom of the 4th over - 1 run, 1 hit, 0 errors, 0 left on base; University of Oklahoma 0 - University of Southern California 1
TOP OF THE 5TH
University of Oklahoma Sooners batting - Pitching for University of Southern California Trojans : RHP Ville Nyman
Now at C: Joe Keough
Now at 1B: Dennis Tempel
Now at SS: Jeremy McAbee
Now in CF: John Rumbolt
Batting: LHB Alex Gutierrez 0-0: Ball
1-0: Called Strike
1-1: Foul Ball, location: 2F
1-2: Ball
2-2: Strikes out swinging
Batting: RHB David Snyder 0-0: Fly out, F7 (Flyball, 7S, EV 84.4 MPH)
Batting: LHB Toby Clark 0-0: Ball
1-0: Called Strike
1-1: Ball
2-1: Called Strike
2-2: Foul Ball, location: 2F
2-2: Foul Ball, location: 2F
2-2: Foul Ball, location: 2F
2-2: Strikes out looking
Top of the 5th over - 0 runs, 0 hits, 0 errors, 0 left on base; University of Oklahoma 0 - University of Southern California 1
BOTTOM OF THE 5TH
University of Southern California Trojans batting - Pitching for University of Oklahoma Sooners : RHP Daniel McCleese
Now at C: Ben Gappa
Now at 1B: Sugiarto Kartosuwiryo
Now at 2B: Myles Sabine
Now at 3B: Jon Hubbard
Now at SS: David Stuckey
Now in LF: Paul Mooris
Now in CF: Virgil Wenz
Batting: RHB Juan Barela 0-0: Ball
1-0: Called Strike
1-1: Foul Ball, location: 2F
1-2: Foul Ball, location: 2F
1-2: Ground out 6-3 (Groundball, 6, EV 88.1 MPH)
Batting: LHB Victor Reyna 0-0: Ball
1-0: Called Strike
1-1: Swinging Strike
1-2: Ball
2-2: Foul Ball, location: 2F
2-2: Ball
3-2: Foul Ball, location: 2F
3-2: Strikes out looking
Batting: RHB Ryan Thurston 0-0: SINGLE (Groundball, 56D, EV 103.1 MPH)
Batting: LHB Eli Evenson 0-0: Called Strike
0-1: Ball
1-1: Called Strike
1-2: Strikes out swinging
Bottom of the 5th over - 0 runs, 1 hit, 0 errors, 1 left on base; University of Oklahoma 0 - University of Southern California 1
TOP OF THE 6TH
University of Oklahoma Sooners batting - Pitching for University of Southern California Trojans : RHP Ville Nyman
Now at 2B: Kasey Kasarda
Now at 3B: Edwin Figueroa
Now in LF: Mhelter Daulong
Batting: RHB Sugiarto Kartosuwiryo 0-0: Ball
1-0: Ball
2-0: Swinging Strike
2-1: Ball
3-1: Base on Balls
Pitching: LHP Bimo Kartini
Batting: RHB David Stuckey 0-0: Fly out, F9 (Flyball, 9LD, EV 96.2 MPH)
Batting: RHB Kjeld Leen 0-0: Ball
1-0: Ball
2-0: Called Strike
2-1: 2-RUN HOME RUN (Flyball, 78XD, EV 109.4 MPH), Distance : 443 ft
Batting: RHB Virgil Wenz 0-0: Ball
1-0: Ball
2-0: Swinging Strike
2-1: Foul Ball, location: 2F
2-2: Strikes out looking
Batting: RHB Myles Sabine 0-0: Foul Ball, location: 2F
0-1: Called Strike
0-2: Strikes out looking
Top of the 6th over - 2 runs, 1 hit, 0 errors, 0 left on base; University of Oklahoma 2 - University of Southern California 1
BOTTOM OF THE 6TH
University of Southern California Trojans batting - Pitching for University of Oklahoma Sooners : RHP Daniel McCleese
Batting: RHB Joe Keough 0-0: Called Strike
0-1: Swinging Strike
0-2: Ball
1-2: Ball
2-2: Strikes out swinging
Batting: RHB Dennis Tempel 0-0: Ball
1-0: Ground out 6-3 (Groundball, 6S, EV 89.4 MPH)
Batting: SHB Mhelter Daulong 0-0: Foul Ball, location: 2F
0-1: Ball
1-1: Ball
2-1: Swinging Strike
2-2: Foul Ball, location: 2F
2-2: Strikes out swinging
Bottom of the 6th over - 0 runs, 0 hits, 0 errors, 0 left on base; University of Oklahoma 2 - University of Southern California 1
TOP OF THE 7TH
University of Oklahoma Sooners batting - Pitching for University of Southern California Trojans : LHP Bimo Kartini
Batting: RHB Jon Hubbard 0-0: Ball
1-0: Foul Ball, location: 2F
1-1: Fly out, F2 (Popup, 23F, EV 82.5 MPH)
Pinch Hitting: RHB Dave Beerman 0-0: Called Strike
0-1: Foul Ball, location: 2F
0-2: Foul Ball, location: 2F
0-2: Ball
1-2: Foul Ball, location: 2F
1-2: Foul Ball, location: 2F
1-2: Foul Ball, location: 2F
1-2: Strikes out swinging
Batting: RHB Ben Gappa 0-0: Ball
1-0: Swinging Strike
1-1: Foul Ball, location: 2F
1-2: Foul Ball, location: 2F
1-2: Strikes out swinging
Top of the 7th over - 0 runs, 0 hits, 0 errors, 0 left on base; University of Oklahoma 2 - University of Southern California 1
BOTTOM OF THE 7TH
University of Southern California Trojans batting - Pitching for University of Oklahoma Sooners : RHP Daniel McCleese
Pitching: RHP Doug Hafer
Now in RF: Eric Peterson
Pinch Hitting: RHB Jim Baltazar 0-0: Ball
1-0: Called Strike
1-1: Swinging Strike
1-2: Strikes out swinging
Pinch Hitting: LHB Roger Kean 0-0: Ball
1-0: Fly out, F8 (Flyball, 8LD, EV 95.0 MPH)
Pinch Hitting: LHB Brad Betterton 0-0: Called Strike
0-1: Ball
1-1: Foul Ball, location: 2F
1-2: Strikes out swinging
Bottom of the 7th over - 0 runs, 0 hits, 0 errors, 0 left on base; University of Oklahoma 2 - University of Southern California 1
TOP OF THE 8TH
University of Oklahoma Sooners batting - Pitching for University of Southern California Trojans : LHP Bimo Kartini
Pitching: LHP Justin Veirs
Now at 2B: John Sandberg
Now at SS: Jochen Schanz
Now in CF: Brad Betterton
Pinch Hitting: RHB Danny Ortiz 0-0: Called Strike
0-1: Foul Ball, location: 2F
0-2: SINGLE (Groundball, 6, EV 95.6 MPH)
Batting: RHB Sugiarto Kartosuwiryo 0-0: Sac Bunt to 5S - play at first, batter OUT! 5-4
Danny Ortiz to second
Batting: RHB David Stuckey 0-0: Ball
1-0: Reached on error, E4 (Groundball, 4M, EV 83.8 MPH)
Danny Ortiz to third
Batting: RHB Kjeld Leen 0-0: Ball
1-0: Ball
2-0: Called Strike
2-1: Foul Ball, location: 2F
2-2: Foul Ball, location: 2F
2-2: Ground out 5-3 (Groundball, 6S, EV 76.9 MPH)
David Stuckey to second
Batting: RHB Virgil Wenz 0-0: Ball
1-0: SINGLE (Line Drive, 8RS, EV 107.5 MPH)
Danny Ortiz scores
David Stuckey to third
Runner from 3rd tries for Home, SAFE, throw by CF to home
Virgil Wenz to second
Batting: RHB Myles Sabine 0-0: Foul Ball, location: 2F
0-1: Foul Ball, location: 2F
0-2: Strikes out looking
Top of the 8th over - 2 runs, 2 hits, 1 error, 1 left on base; University of Oklahoma 4 - University of Southern California 1
BOTTOM OF THE 8TH
University of Southern California Trojans batting - Pitching for University of Oklahoma Sooners : RHP Doug Hafer
Pitching: RHP Alberto Zumaya
Now in LF: Min-zhong Ching
Batting: RHB Edwin Figueroa 0-0: Called Strike
0-1: Swinging Strike
0-2: Ball
1-2: Ball
2-2: SINGLE (Groundball, 4MD, EV 102.5 MPH)
Pinch Hitting: SHB George Hillock 0-0: Ball
1-0: Called Strike
1-1: Swinging Strike
1-2: Ball
2-2: TRIPLE (Flyball, 78XD, EV 97.5 MPH)
Edwin Figueroa scores
Batting: RHB Rick Acevedo 0-0: Ball
1-0: Ball
2-0: Called Strike
2-1: Swinging Strike
2-2: Ball
3-2: Base on Balls
Pinch Hitting: RHB Eduardo Mejorado 0-0: Ball
1-0: Ball
2-0: Fly out, F8 (Flyball, 8LD, EV 83.8 MPH)
Runner from 3rd tags up, SCORES, throw by CF
Pinch Hitting: LHB Alberto Reyes 0-0: Called Strike
0-1: Ball
1-1: Ball
2-1: Foul Ball, location: 2F
2-2: Ball
3-2: TRIPLE (Flyball, 7D, EV 100.6 MPH)
Rick Acevedo scores
Pitching: LHP Billy Bradburn
Batting: SHB Mhelter Daulong 0-0: Called Strike
0-1: Fly out, F3 (Popup, 23F, EV 84.4 MPH)
Batting: RHB John Sandberg 0-0: Called Strike
0-1: Ball
1-1: Ball
2-1: Called Strike
2-2: Strikes out swinging
Bottom of the 8th over - 3 runs, 3 hits, 0 errors, 1 left on base; University of Oklahoma 4 - University of Southern California 4
TOP OF THE 9TH
University of Oklahoma Sooners batting - Pitching for University of Southern California Trojans : LHP Justin Veirs
Pitching: RHP Danny Coronado
Now at C: Bobby Basoco
Now at 1B: Santiago Romero
Now in RF: George Hillock
Batting: RHB Jon Hubbard 0-0: Ball
1-0: Ball
2-0: Called Strike
2-1: Foul Ball, location: 2F
2-2: Strikes out swinging
Pinch Hitting: SHB Orlando Uribe 0-0: Called Strike
0-1: Called Strike
0-2: Ball
1-2: Foul Ball, location: 2F
1-2: Foul Ball, location: 2F
1-2: Foul Ball, location: 2F
1-2: Ball
2-2: Ground out 4-3 (Groundball, 4, EV 86.2 MPH)
Pinch Hitting: LHB Pedro Marrero 0-0: Called Strike
0-1: Swinging Strike
0-2: Foul Ball, location: 2F
0-2: Ball
1-2: Foul Ball, location: 2F
1-2: Foul Ball, location: 2F
1-2: Strikes out swinging
Top of the 9th over - 0 runs, 0 hits, 0 errors, 0 left on base; University of Oklahoma 4 - University of Southern California 4
BOTTOM OF THE 9TH
University of Southern California Trojans batting - Pitching for University of Oklahoma Sooners : LHP Billy Bradburn
Pitching: LHP Keith Brushett
Now at C: Nelson Morales
Now in RF: Alex Perez
Batting: RHB Jochen Schanz 0-0: Ball
1-0: Ball
2-0: Called Strike
2-1: Foul Ball, location: 2F
2-2: Ball
3-2: SINGLE (Groundball, 56, EV 96.2 MPH)
Batting: LHB Brad Betterton 0-0: Sac Bunt to 2L - play at first, batter safe!
Jochen Schanz to second
Batting: RHB Edwin Figueroa 0-0: Sac Bunt to 2R - play at first, batter OUT! 2-4
Jochen Schanz to third
Brad Betterton to second
Batting: SHB George Hillock 0-0: Ball
1-0: Swinging Strike
1-1: Swinging Strike
1-2: Strikes out looking
Batting: RHB Rick Acevedo 0-0: Intentional Walk
Pinch Hitting: RHB Joey Fields 0-0: Ball
1-0: Swinging Strike
1-1: Foul Ball, location: 2F
1-2: Ball
2-2: Ball
3-2: Strikes out swinging
Bottom of the 9th over - 0 runs, 2 hits, 0 errors, 3 left on base; University of Oklahoma 4 - University of Southern California 4
TOP OF THE 10TH
University of Oklahoma Sooners batting - Pitching for University of Southern California Trojans : RHP Danny Coronado
Pitching: RHP Gabe Hires
Now at 1B: Joey Fields
Batting: LHB Min-zhong Ching 0-0: Called Strike
0-1: Swinging Strike
0-2: Ball
1-2: DOUBLE (Line Drive, 78D, EV 105.0 MPH)
Pinch Hitting: LHB Jon Terrones 0-0: Intentional Walk
Batting: RHB David Stuckey 0-0: Ball
1-0: Ball
2-0: Called Strike
2-1: SINGLE (Groundball, 6D, EV 107.5 MPH)
Min-zhong Ching to third
Jon Terrones to second
Batting: SHB Benedetto Legnano 0-0: Ball
1-0: Ball
2-0: Grounds into double play, 4-2-3 (Groundball, 4, EV 86.2 MPH)
Jon Terrones to third
David Stuckey to second
Batting: RHB Virgil Wenz 0-0: Intentional Walk
Batting: RHB Myles Sabine 0-0: Ground out 3-1 (Groundball, 34, EV 83.8 MPH)
Top of the 10th over - 0 runs, 2 hits, 0 errors, 3 left on base; University of Oklahoma 4 - University of Southern California 4
BOTTOM OF THE 10TH
University of Southern California Trojans batting - Pitching for University of Oklahoma Sooners : LHP Keith Brushett
Pitching: LHP Doug Lacenaire
Now at 1B: Jon Terrones
Batting: RHB Bobby Basoco 0-0: Swinging Strike
0-1: Swinging Strike
0-2: Foul Ball, location: 2F
0-2: Strikes out looking
Batting: SHB Mhelter Daulong 0-0: Ball
1-0: Swinging Strike
1-1: Ball
2-1: Foul Ball, location: 2F
2-2: Strikes out swinging
Batting: RHB John Sandberg 0-0: Ball
1-0: Ball
2-0: Foul Ball, location: 2F
2-1: Ground out 3-1 (Groundball, 34S, EV 83.8 MPH)
Bottom of the 10th over - 0 runs, 0 hits, 0 errors, 0 left on base; University of Oklahoma 4 - University of Southern California 4
TOP OF THE 11TH
University of Oklahoma Sooners batting - Pitching for University of Southern California Trojans : RHP Gabe Hires
Pitching: RHP Enrique Zepeda
Batting: RHB Jon Hubbard 0-0: Called Strike
0-1: Foul Ball, location: 2F
0-2: Ball
1-2: Ball
2-2: Ground out 4-3 (Groundball, 4, EV 101.2 MPH)
Batting: RHB Alex Perez 0-0: Ball
1-0: Foul Ball, location: 2F
1-1: Ground out 4-3 (Groundball, 34, EV 95.0 MPH)
Batting: LHB Nelson Morales 0-0: Ball
1-0: Foul Ball, location: 2F
1-1: Called Strike
1-2: Foul Ball, location: 2F
1-2: Ball
2-2: Ball
3-2: SINGLE (Line Drive, 34D, EV 102.5 MPH)
Batting: LHB Min-zhong Ching 0-0: Ball
1-0: Foul Ball, location: 2F
1-1: Ball
2-1: Ball
3-1: Foul Ball, location: 2F
3-2: Strikes out looking
Top of the 11th over - 0 runs, 1 hit, 0 errors, 1 left on base; University of Oklahoma 4 - University of Southern California 4
BOTTOM OF THE 11TH
University of Southern California Trojans batting - Pitching for University of Oklahoma Sooners : LHP Doug Lacenaire
Pitching: LHP Brandon Lahoda
Batting: RHB Jochen Schanz 0-0: Called Strike
0-1: Swinging Strike
0-2: Ball
1-2: Strikes out swinging
Batting: LHB Brad Betterton 0-0: Called Strike
0-1: Ball
1-1: Called Strike
1-2: Foul Ball, location: 2F
1-2: Ball
2-2: Ball
3-2: Base on Balls
Batting: RHB Edwin Figueroa 0-0: Ball
1-0: Bunt missed!
1-1: Bunted foul
1-2: Hit by Pitch
Brad Betterton to second
Batting: SHB George Hillock 0-0: Ball
1-0: Ball
2-0: Swinging Strike
2-1: Called Strike
2-2: Foul Ball, location: 2F
2-2: Strikes out looking
Batting: RHB Ashley Shepherd 0-0: Swinging Strike
0-1: Ball
1-1: Called Strike
1-2: Foul Ball, location: 2F
1-2: Strikes out swinging
Bottom of the 11th over - 0 runs, 0 hits, 0 errors, 2 left on base; University of Oklahoma 4 - University of Southern California 4
TOP OF THE 12TH
University of Oklahoma Sooners batting - Pitching for University of Southern California Trojans : RHP Enrique Zepeda
Pitching: RHP Alex Garza
Batting: LHB Jon Terrones 0-0: Ball
1-0: Called Strike
1-1: Swinging Strike
1-2: Strikes out swinging
Batting: RHB David Stuckey 0-0: Called Strike
0-1: Foul Ball, location: 2F
0-2: Strikes out looking
Batting: SHB Benedetto Legnano 0-0: Ball
1-0: Called Strike
1-1: Ground out U3 (Groundball, 34, EV 88.8 MPH)
Top of the 12th over - 0 runs, 0 hits, 0 errors, 0 left on base; University of Oklahoma 4 - University of Southern California 4
BOTTOM OF THE 12TH
University of Southern California Trojans batting - Pitching for University of Oklahoma Sooners : LHP Brandon Lahoda
Pitching: RHP Gabe Newman
Batting: RHB Joey Fields 0-0: Ground out 1-3 (Groundball, 34S, EV 60.6 MPH)
Batting: RHB Bobby Basoco 0-0: Ball
1-0: Swinging Strike
1-1: Called Strike
1-2: Strikes out swinging
Batting: SHB Mhelter Daulong 0-0: Ball
1-0: Ball
2-0: Ground out 1-3 (Groundball, 13S, EV 75.6 MPH)
Bottom of the 12th over - 0 runs, 0 hits, 0 errors, 0 left on base; University of Oklahoma 4 - University of Southern California 4
TOP OF THE 13TH
University of Oklahoma Sooners batting - Pitching for University of Southern California Trojans : RHP Alex Garza
Pitching: RHP Reed Bauer
Batting: RHB Virgil Wenz 0-0: Ball
1-0: Foul Ball, location: 2F
1-1: Ground out U3 (Groundball, 3S, EV 88.8 MPH)
Batting: RHB Myles Sabine 0-0: Called Strike
0-1: Ball
1-1: Foul Ball, location: 2F
1-2: Strikes out swinging
Batting: RHB Jon Hubbard 0-0: Reaches on Catchers interference
Batting: RHB Alex Perez 0-0: Foul Ball, location: 2F
Pickoff Throw to First - Out! 1-3 CS
Top of the 13th over - 0 runs, 0 hits, 1 error, 0 left on base; University of Oklahoma 4 - University of Southern California 4
BOTTOM OF THE 13TH
University of Southern California Trojans batting - Pitching for University of Oklahoma Sooners : RHP Gabe Newman
Pitching: LHP Jeff Bruggeman
Batting: RHB John Sandberg 0-0: Ball
1-0: Ball
2-0: Ball
3-0: Called Strike
3-1: Called Strike
3-2: Fly out, F9 (Flyball, 9, EV 88.1 MPH)
Batting: RHB Jochen Schanz 0-0: Called Strike
0-1: Ball
1-1: Fly out, F8 (Flyball, 8LD, EV 88.1 MPH)
Batting: LHB Brad Betterton 0-0: Ball
1-0: Foul Ball, location: 2F
1-1: Swinging Strike
1-2: Ground out U3 (Groundball, 3, EV 82.5 MPH)
Bottom of the 13th over - 0 runs, 0 hits, 0 errors, 0 left on base; University of Oklahoma 4 - University of Southern California 4
TOP OF THE 14TH
University of Oklahoma Sooners batting - Pitching for University of Southern California Trojans : RHP Reed Bauer
Pitching: RHP Abizar Djajadiningrat
Batting: RHB Alex Perez 0-0: Foul Ball, location: 2F
0-1: Foul Ball, location: 2F
0-2: Strikes out looking
Batting: LHB Nelson Morales 0-0: Called Strike
0-1: Foul Ball, location: 2F
0-2: Ball
1-2: Ball
2-2: Ball
3-2: Base on Balls
Batting: LHB Min-zhong Ching 0-0: Foul Ball, location: 2F
0-1: Foul Ball, location: 2F
0-2: Ball
1-2: Fly out, F8 (Flyball, 8LM, EV 86.2 MPH)
Batting: LHB Jon Terrones 0-0: Ball
1-0: Ball
2-0: Foul Ball, location: 2F
2-1: Ground out 4-3 (Groundball, 4, EV 98.1 MPH)
Top of the 14th over - 0 runs, 0 hits, 0 errors, 1 left on base; University of Oklahoma 4 - University of Southern California 4
BOTTOM OF THE 14TH
University of Southern California Trojans batting - Pitching for University of Oklahoma Sooners : LHP Jeff Bruggeman
Pitching: RHP Matthew Sax
Batting: RHB Edwin Figueroa 0-0: Swinging Strike
0-1: Called Strike
0-2: Strikes out swinging
Batting: SHB George Hillock 0-0: Ball
1-0: Foul Ball, location: 2F
1-1: Foul Ball, location: 2F
1-2: Ball
2-2: Strikes out swinging
Batting: RHB Dam Giap 0-0: Ball
1-0: Ball
2-0: Ball
3-0: Base on Balls
Batting: RHB Joey Fields 0-0: Called Strike
0-1: Called Strike
Dam Giap is caught stealing 2nd base 2-4
Bottom of the 14th over - 0 runs, 0 hits, 0 errors, 0 left on base; University of Oklahoma 4 - University of Southern California 4
TOP OF THE 15TH
University of Oklahoma Sooners batting - Pitching for University of Southern California Trojans : RHP Abizar Djajadiningrat
Pitching: RHP Yacob Onyebuchi
Batting: RHB David Stuckey 0-0: Called Strike
0-1: Ball
1-1: Foul Ball, location: 2F
1-2: Ball
2-2: Strikes out swinging, 2-3 out at first.
Batting: RHB Jason Higgins 0-0: Ball
1-0: Ball
2-0: Ball
3-0: Base on Balls
Batting: RHB Virgil Wenz 0-0: Ball
1-0: Ball
2-0: Foul Ball, location: 2F
2-1: Foul Ball, location: 2F
2-2: Strikes out swinging
Batting: RHB Myles Sabine 0-0: Ball
1-0: Foul Ball, location: 2F
1-1: Reached on error, E5 (Groundball, 56S, EV 84.4 MPH)
Jason Higgins to second
Batting: RHB Jon Hubbard 0-0: Called Strike
0-1: Ball
1-1: Called Strike
1-2: Foul Ball, location: 2F
1-2: Ball
2-2: DOUBLE (Groundball, 5L, EV 95.0 MPH)
Jason Higgins scores
Myles Sabine to third
Runner from 3rd tries for Home, SAFE, throw by LF to home
Batting: RHB Alex Perez 0-0: Called Strike
0-1: Ball
1-1: Ground out 5-3 (Groundball, 56S, EV 91.2 MPH)
Top of the 15th over - 2 runs, 1 hit, 1 error, 1 left on base; University of Oklahoma 6 - University of Southern California 4
BOTTOM OF THE 15TH
University of Southern California Trojans batting - Pitching for University of Oklahoma Sooners : RHP Matthew Sax
Pitching: RHP Alex Mendoza
Batting: RHB Joey Fields 0-0: Ball
1-0: Called Strike
1-1: Swinging Strike
1-2: Foul Ball, location: 2F
1-2: Ball
2-2: Foul Ball, location: 2F
2-2: Ball
3-2: Fly out, F5 (Popup, 56S, EV 77.5 MPH)
Batting: RHB Bobby Basoco 0-0: Called Strike
0-1: Called Strike
0-2: Strikes out looking
Batting: SHB Mhelter Daulong 0-0: Foul Ball, location: 2F
0-1: Ball
1-1: Called Strike
1-2: Ball
2-2: Foul Ball, location: 2F
2-2: Reached via error on a dropped throw from 1B, E1 (Groundball, 34S, EV 63.1 MPH)
Batting: RHB John Sandberg 0-0: Ball
1-0: Swinging Strike
1-1: Ball
2-1: Fly out, F7 (Flyball, 7, EV 85.6 MPH)
Bottom of the 15th over - 0 runs, 0 hits, 1 error, 1 left on base; University of Oklahoma 6 - University of Southern California 4
Thursday, December 15th , 2022 - OOTP Baseball 23.9 Build 102